 Dungeon Crawl Stone Soup version 0.22.1-2-g9c5b331 (webtiles) character file.

105 MalarOregon the Chiller (level 4, -9/32 HPs)
             Began as a Merfolk Ice Elementalist on Nov 12, 2018.
             Killed by divine providence
             ... invoked by an orc priest
              (14 damage)
             ... on level 3 of the Dungeon.
             The game lasted 00:10:19 (2470 turns).

MalarOregon the Chiller (Merfolk Ice Elementalist)  Turns: 2470, Time: 00:10:20

Health: -9/32      AC:  2    Str:  8    XL:     4   Next: 83%
Magic:  0/8        EV: 13    Int: 15    God:
Gold:   39         SH:  3    Dex: 14    Spells: 1/8 levels left

rFire    . . .     SeeInvis .   l - +0 spear
rCold    . . .     Gourm    .   m - +0 buckler
rNeg     . . .     Faith    .   a - +0 robe
rPois    .         Spirit   .   (no helmet)
rElec    .         Reflect  .   (no cloak)
rCorr    .         Harm     .   (no gloves)
MR       .....                  (no boots)
Stlth    ++........             (no amulet)
HPRegen  0.10/turn              (no ring)
MPRegen  0.11/turn              (no ring)

@: no status effects
A: change form in water, swift swim, stealthy swim
a: no special abilities


You were on level 3 of the Dungeon.
You were not hungry.

You visited 1 branch of the dungeon, and saw 3 of its levels.

You collected 39 gold pieces.

Inventory:

Hand Weapons
 l - a +0 spear (weapon)
   (You took it off a gnoll on level 2 of the Dungeon)
Missiles
 f - 7 poisoned needles
Armour
 a - a +0 robe (worn)
 m - a +0 buckler (worn)
   (You found it on level 2 of the Dungeon)
Scrolls
 d - 5 scrolls of remove curse {unknown}
 g - 2 scrolls of teleportation {unknown}
 i - a scroll of amnesia {unknown}
 j - a scroll of identify {unknown}
 n - a scroll of fear {unknown}
Potions
 b - 2 potions of haste {unknown}
 h - a potion of curing {unknown}
 k - 2 potions of might {unknown}
Comestibles
 c - 5 chunks of flesh
 e - 2 rations {!d}


   Skills:
 + Level 1.3 Fighting
 + Level 0.2 Polearms
 + Level 3.3 Dodging
 + Level 2.4 Stealth
 + Level 0.0 Shields
 * Level 2.8 Spellcasting
 * Level 1.5 Conjurations
 * Level 4.1 Ice Magic


You had one spell level left.
You knew the following spells:

 Your Spells              Type           Power        Failure   Level  Hunger
a - Freeze                Ice            ##..         6%          1    #......
c - Throw Icicle          Conj/Ice       ##......     71%         4    #####..
x - Throw Frost           Conj/Ice       ##....       16%         2    ##.....

Your spell library contained the following spells:

 Spells                   Type           Power        Failure   Level  Hunger
 Ozocubu's Armour         Chrm/Ice       #.......     41%         3    ###....
 Summon Ice Beast         Ice/Summ       #.......     82%         4    #####..


Dungeon Overview and Level Annotations

Branches:
Dungeon (3/15)

Altars:
Okawaru


Message History

c - 5 chunks of flesh (gained 3)
You see here a jackal skeleton. x2
n - a scroll labeled ULOTEK SYZOYCA
Found a scroll labeled WUMOFO QOYFFA.
d - 5 scrolls labeled WUMOFO QOYFFA (gained 1)
Found 19 gold pieces.
Found 3 large rocks.
A frilled lizard comes into view.
An orc priest comes into view. It is wielding a vampiric dagger.
The orc priest shouts!
You hear a shout!
A goblin comes into view. It is wielding a club.
An orc comes into view. It is wielding a hand axe.
An orc comes into view. It is wielding a trident.
Found a stone staircase leading down.
There is a stone staircase leading up here.
You start waiting.
The orc priest is too close now for your liking.
Aim: a goblin, wielding a club The puff of frost misses the goblin.
Aim: a goblin, wielding a club The puff of frost hits the goblin.
You kill the goblin!
Aim: an orc priest, wielding a vampiric dagger The puff of frost hits the orc priest.
Aim: an orc priest, wielding a vampiric dagger (lightly wounded)
The puff of frost hits the orc priest.
Attack whom?
Aim: an orc priest, wielding a vampiric dagger (heavily wounded)
You reach to attack!
You barely miss the orc priest. You hit the orc priest.
The orc priest mumbles some strange prayers to Beogh against you.
Beogh smites you!
You barely miss the orc priest.
The orc priest invokes the aid of Beogh against you.
Pain shoots through your body!
The orc priest calls down the wrath of Beogh upon you.
Pain shoots through your body!
* * * LOW HITPOINT WARNING * * *
Aim: an orc priest, wielding a vampiric dagger (severely wounded)
You freeze the orc priest.
The orc priest hits you but does no damage.
Your shield prevents you from hitting the orc priest.
The orc priest calls down the wrath of Beogh upon you.
Pain shoots through your body!
* * * LOW HITPOINT WARNING * * *
You barely miss the orc priest.
The orc shouts!
The orc priest mumbles some strange prayers to Beogh against you.
Beogh smites you!
You die...

#...$..$....... .
......... >... .(
#......# #..# #
o#.####......# ..####.#.
.............##.#...#...
.#...o....###...........
...........)............
...g......###..##....#..
...............o@.!.....
..........#...##)##....#
..........o....รท.......#
................###....#
.......................#
###..............!....##
#....###....#####...#
.... ....... .. ..
........# .


You could see an orc priest and an orc.

Vanquished Creatures
  3 gnolls (D:2)
  An adder (D:2)
  A worm (D:2)
  3 dart slugs
  5 bats
  2 giant cockroaches
  10 goblins
  9 hobgoblins
  2 jackals (D:3)
  2 ball pythons
  2 frilled lizards (D:1)
  8 kobolds
  10 rats
58 creatures vanquished.

Notes
Turn   | Place    | Note
-------+----------+-------------------------------------------
     0 | D:1      | MalarOregon the Merfolk Ice Elementalist began the quest
                  | for the Orb.
     0 | D:1      | Reached XP level 1. HP: 13/13 MP: 3/3
   242 | D:1      | Reached XP level 2. HP: 19/20 MP: 5/5
   347 | D:1      | Learned a level 2 spell: Throw Frost
   742 | D:1      | Reached XP level 3. HP: 25/25 MP: 4/6
   746 | D:1      | Reached skill level 1 in Conjurations
  1136 | D:2      | Reached skill level 1 in Fighting
  1347 | D:2      | Reached skill level 4 in Ice Magic
  1347 | D:2      | Reached XP level 4. HP: 11/32 MP: 0/8
  1615 | D:2      | Found an iron altar of Okawaru.
  2337 | D:2      | Learned a level 4 spell: Throw Icicle
  2470 | D:3      | Killed from afar by an orc priest

Skill      XL: |  1  2  3 |
---------------+----------+-----
Dodging        | 3 |  3.3
Conjurations   | 1 |  1.5
Fighting       | 1 |  1.3
Ice Magic      | 4 |  4.1
Polearms       | |  0.2
Stealth        | |  2.4
Spellcasting   | |  2.8

Action                   |  1- 3 |  4- 6 || total
-------------------------+-------+-------++-------
Melee: Unarmed           |    24 |       ||    24
       Spear             |       |    27 ||    27
 Cast: Freeze            |    66 |    15 ||    81
       Throw Frost       |     2 |    15 ||    17
 Stab: Sleeping          |       |     1 ||     1
  Eat: Chunk             |     2 |     5 ||     7
Armor: Robe              |     7 |     3 ||    10
Dodge: Dodged            |    48 |    20 ||    68
Block: Buckler           |       |     6 ||     6
